 Dungeon Crawl Stone Soup version 0.29.1-1-gd02db6906a (webtiles) character file.

Game seed: 3273169448086442344

4083 raistware the Destroyer (level 10, 0/58 HPs)
             Began as an Octopode Conjurer on Oct 3, 2022.
             Was a Believer of Vehumet.
             Shot with a bolt by an orc warrior (11 damage)
             ... on level 9 of the Dungeon.
             The game lasted 00:23:12 (10926 turns).

raistware the Destroyer (Octopode Conjurer)        Turns: 10926, Time: 00:23:12

Health: 0/58       AC:  1    Str:  7    XL:     10   Next: 25%
Magic:  14/22      EV: 13    Int: 24    God:    Vehumet [**....]
Gold:   529        SH:  0    Dex: 11    Spells: 21/26 levels left

rFire   . . .      SeeInvis .   i - +1 dagger (venom)
rCold   . . .      Faith    .   (no shield)
rNeg    . . .      Spirit   .   (helmet restricted)
rPois   .          Reflect  .   (no amulet)
rElec   .          Harm     .   (no ring)
rCorr   .          Rampage  .   (no ring)
Will    .....                   (no ring)
Stlth   +++.......              (no ring)
HPRegen 0.19/turn               (no ring)
MPRegen 0.18/turn               (no ring)
                                (no ring)
                                (no ring)

@: no status effects
A: almost no armour, amphibious, 8 rings, camouflage 1, gelatinous body 1,
(nimble swimmer 1), tentacles
a: Renounce Religion


You were on level 9 of the Dungeon.
You worshipped Vehumet.
Vehumet was pleased with you.
You visited 2 branches of the dungeon, and saw 10 of its levels.

You collected 529 gold pieces.

Inventory:

Hand Weapons
 i - a +1 dagger of venom (weapon)
Missiles
 f - 5 curare-tipped darts
 g - 5 poisoned darts
Magical Staves
 q - a staff of cold
 t - a staff of poison
Wands
 u - a wand of polymorph (6)
Scrolls
 b - 3 scrolls of butterflies {unknown}
 h - a scroll of brand weapon {unknown}
 k - 2 scrolls of enchant armour {unknown}
 n - 2 scrolls of teleportation {unknown}
 o - a scroll of immolation {unknown}
Potions
 a - 3 potions of magic
 c - a potion of flight
 d - a potion of mutation {unknown}
 e - a potion of heal wounds
 j - 2 potions of degeneration {unknown}
 l - a potion of resistance {unknown}
 m - 3 potions of lignification
 p - 4 potions of curing {unknown}
 r - a potion of attraction {unknown}
 s - 2 potions of brilliance
 v - a potion of haste


   Skills:
 - Level 1.0 Fighting
 + Level 2.6 Dodging
 - Level 3.0 Stealth
 + Level 8.6 Spellcasting
 + Level 11.5 Conjurations
 - Level 2.0 Translocations
 - Level 1.0 Evocations


You had 21 spell levels left.
You knew the following spells:

 Your Spells              Type           Power      Damage    Failure   Level
a - Magic Dart            Conj           100%       1d8       1%          1
b - Iskenderun's Mystic   Conj/Tloc      42%        2d10      3%          4

Your spell library contained the following spells:

 Spells                   Type           Power      Damage    Failure   Level
 Shock                    Conj/Air       100%       1d9       1%          1
 Searing Ray              Conj           100%       2d8       1%          2
 Dazzling Flash           Conj/Hex       76%        N/A       1%          3
 Fulminant Prism          Conj/Hex       19%        3d11      5%          4
 Beastly Appendage        Tmut           20%        N/A       6%          1
 Wereblood                Tmut           10%        N/A       10%         2
 Spider Form              Tmut/Pois      10%        N/A       19%         3


Dungeon Overview and Level Annotations

Branches:
Dungeon (9/15)             Temple (1/1) D:4
   Lair: D:8-11         Orc: D:9-12

Altars:
Dithmenos
Elyvilon
Fedhas
Gozag
Hepliaklqana
Kikubaaqudgha
Makhleb
Nemelex Xobeh
Qazlal
Ru
Sif Muna
Trog
Uskayaw
Vehumet
Xom
Yredelemnul
Zin
The Shining One

Shops:
D:7 *

Annotations:
D:6 Dowan, Duvessa
D:7 exclusion: 2 lemures


Innate Abilities, Weirdness & Mutations

You cannot wear most types of armour.
You are amphibious.
You can wear up to eight rings at the same time.
Your skin changes colour to match your surroundings (Stealth+).
Your rubbery body absorbs attacks. (AC +1, EV +1)
((You are camouflaged when in or above water. (Stealth+)))
You have tentacles for arms and can constrict up to eight enemies at once.


Message History

The orc is almost dead.
You constrict the orc.
You kill the orc!
Vehumet accepts your kill.
The orc warrior unwields a +0 battleaxe.
The orc warrior wields a +0 arbalest.
The orc warrior shoots a bolt.
The bolt barely misses you.
Casting: Iskenderun's Mystic Blast (dangerous; 3% risk of failure)
Confirm with . or Enter, or press ? or * to list all spells.
You erupt in a blast of force!
The mystic blast hits the orc warrior.
The orc warrior is lightly wounded.
The orc warrior is knocked back by the mystic blast.
The orc warrior collides with the orc!
The orc is severely wounded.
The mystic blast hits the orc!
You kill the orc!
Vehumet accepts your kill.
You feel your power returning.
Unknown command.
Unknown command.
Casting: Iskenderun's Mystic Blast (dangerous; 3% risk of failure)
Confirm with . or Enter, or press ? or * to list all spells.
You erupt in a blast of force!
The mystic blast hits the orc warrior!
The orc warrior is severely wounded.
The orc warrior is knocked back by the mystic blast.
The mystic blast hits the orc!
You kill the orc!
Vehumet accepts your kill.
Unknown command.
The magic dart hits the orc warrior but does no damage.
The orc warrior is severely wounded.
The orc warrior shoots a bolt.
The bolt hits you!
The magic dart hits the orc warrior but does no damage.
The orc warrior is severely wounded.
The orc warrior shoots a bolt.
The bolt hits you!
The orc warrior shoots a bolt.
The bolt hits you!
* * * LOW HITPOINT WARNING * * *
There is a stone staircase leading up, spattered with blood here.
The orc warrior shoots a bolt.
The bolt hits you!
You die...

###############
...............
.......@#
.#####..# #.)#
#).# #..# #..#
#.o# #..# #..#


You could see an orc warrior.

Vanquished Creatures
  A hornet (D:5)
  Prince Ribbit (D:8)
  A wyvern (D:8)
  Eustachio (D:5)
  A steam dragon (D:7)
  Menkaure (D:5)
  2 vampire mosquitoes (D:8)
  3 orc warriors (D:8)
  A black bear (D:6)
  4 centaurs
  An ogre (D:6)
  A phantom (D:5)
  4 bullfrogs
  A gnoll sergeant (D:7)
  3 necrophages
  2 scorpions
  9 wights
  A vampire bat (D:4)
  A hound (D:5)
  6 orc priests
  A jelly (D:7)
  3 iguanas
  10 orc wizards
  A mummy (D:5)
  11 gnolls
  4 adders
  A shadow imp (D:5)
  3 white imps
  An ufetubus (D:5)
  3 dart slugs
  3 fire bats (D:4)
  40 orcs
  2 spectral bats (D:4)
  8 ball pythons
  13 bats
  3 bat skeletons (D:4)
  A bat zombie (D:4)
  4 endoplasms
  3 giant cockroaches
  5 goblins
  8 hobgoblins
  3 quokkas
  A bat simulacrum (D:4)
  3 frilled lizards (D:1)
  2 hobgoblin zombies (D:5)
  3 kobolds
  2 kobold zombies (D:5)
  8 rats
195 creatures vanquished.

Vanquished Creatures (others)
  11 fungi (D:8)
  4 plants
15 creatures vanquished.

Grand Total: 210 creatures vanquished

Notes
Turn   | Place    | Note
-------+----------+-------------------------------------------
     0 | D:1      | raistware the Octopode Conjurer began the quest for the
                  | Orb.
     0 | D:1      | Reached XP level 1. HP: 11/11 MP: 3/3
   150 | D:1      | Reached XP level 2. HP: 17/17 MP: 0/5
   741 | D:1      | Reached XP level 3. HP: 21/21 MP: 5/7
  1517 | D:2      | Noticed a scorpion
  1524 | D:2      | Killed a scorpion
  1525 | D:2      | Reached XP level 4. HP: 27/27 MP: 7/10
  1530 | D:2      | Learned a level 4 spell: Iskenderun's Mystic Blast
  1686 | D:2      | Reached skill level 1 in Translocations
  1686 | D:2      | Reached XP level 5. HP: 27/31 MP: 9/11
  2089 | D:3      | Reached skill level 5 in Conjurations
  2721 | D:3      | Reached XP level 6. HP: 36/36 MP: 10/12
  2779 | D:3      | Found a white marble altar of Elyvilon.
  3246 | D:4      | Reached skill level 6 in Conjurations
  3604 | D:4      | Reached XP level 7. HP: 18/41 MP: 13/13
  3828 | D:4      | Found a staircase to the Ecumenical Temple.
  3837 | Temple   | Entered the Ecumenical Temple
  3936 | Temple   | Became a worshipper of Vehumet
  3971 | D:4      | Reached skill level 7 in Conjurations
  4638 | D:5      | Entered Level 5 of the Dungeon
  4727 | D:5      | Noticed Menkaure
  4738 | D:5      | Killed Menkaure
  4739 | D:5      | Reached skill level 8 in Conjurations
  4926 | D:5      | Reached XP level 8. HP: 17/46 MP: 13/15
  5201 | D:5      | Reached skill level 5 in Spellcasting
  5320 | D:5      | Noticed a hornet
  5324 | D:5      | Noticed Eustachio
  5326 | D:5      | Killed a hornet
  5361 | D:5      | Killed Eustachio
  5362 | D:5      | Reached skill level 9 in Conjurations
  5683 | D:5      | Identified the +0 pair of boots of the Blizzard {Str+3
                  | Dex+5}
  5690 | D:5      | Reached * piety under Vehumet
  5690 | D:5      | Offered knowledge of Sandblast by Vehumet.
  5901 | D:5      | Found a hide-covered altar of Uskayaw.
  6257 | D:6      | Reached XP level 9. HP: 28/51 MP: 7/18
  6480 | D:6      | Noticed Duvessa
  6491 | D:6      | Noticed Dowan
  6751 | D:6      | Reached skill level 10 in Conjurations
  7162 | D:7      | Found Rokhum's Assorted Antiques.
  8807 | D:7      | Reached ** piety under Vehumet
  9141 | D:8      | Offered knowledge of Shock by Vehumet.
  9291 | D:8      | Noticed Prince Ribbit
  9299 | D:8      | Killed Prince Ribbit
  9300 | D:8      | Reached skill level 11 in Conjurations
  9300 | D:8      | Reached skill level 1 in Evocations
  9354 | D:8      | Reached skill level 1 in Fighting
  9354 | D:8      | Reached XP level 10. HP: 48/58 MP: 5/22
  9820 | D:8      | Found a blossoming altar of Fedhas.
 10926 | D:9      | Shot with a bolt by an orc warrior

Illustrated notes

Levels and vault maps discovered:
D:1:      kennysheep_arrival_seaside, layout_basic, serial_bayou_pond_e
D:2:      minmay_spotlight, layout_basic, amethyst_killhole,
          palyth_stone_intersect
D:3:      layout_basic, nicolae_elyvilon_peaceful_grove,
          minmay_tree_intersection, minmay_misc_feat_room,
          corexii_item_surrounded_by_moat
D:4:      layout_rooms, minmay_temple_entry_waves, minmay_crystal_water,
          goddamned_bats
D:5:      layout_basic, lemuel_crystal_altar, minmay_mini_ossuary,
          uniq_eustachio, uniq_menkaure
D:6:      layout_cave_pools, uniq_duvessa
D:7:      layout_basic, serial_shops, nicolae_stop_n_shop_1,
          lightli_corner_chamber, uniq_pikel
D:8:      layout_rooms, fedhas_altar_3, roderic_roman_lattice,
          uniq_prince_ribbit1
D:9:      layout_long_grid, nicolae_overflow_hidden_temple,
          amethyst_overflow_temple_binary, erik_lair_island, enter_bailey_5,
          ebering_ghost_funeral_grove
Temple:   compressed_dpeg_triangle_lava_temple

Skill      XL: |  1  2  3  4  5  6  7  8  9 |
---------------+----------------------------+-----
Spellcasting   | 3 4 6 8 |  8.6
Translocations | 1 2 |  2.0
Conjurations   | 5 6 8 9 11 | 11.5
Stealth        | 3 |  3.0
Evocations     | 1 |  1.0
Fighting       | 1 |  1.0
Dodging        | |  2.6

Action                   |  1- 3 |  4- 6 |  7- 9 | 10-12 || total
-------------------------+-------+-------+-------+-------++-------
Melee: Unarmed           |    16 |       |       |       ||    16
       Tentacles         |     8 |    10 |    24 |     1 ||    43
       Constrict         |     6 |    16 |    23 |     1 ||    46
       Dagger            |     2 |    41 |   103 |    21 ||   167
       Punch             |       |     3 |     3 |       ||     6
Throw: Dart              |     2 |       |     8 |     2 ||    12
 Cast: Magic Dart        |    50 |    80 |   183 |    28 ||   341
       Iskenderun's Myst |       |     2 |    34 |    18 ||    54
Evoke: Wand              |       |       |     8 |     4 ||    12
  Use: Scroll            |       |       |     7 |       ||     7
       Potion            |       |       |       |     3 ||     3
 Stab: Sleeping          |     2 |     2 |     3 |       ||     7
       Distracted        |       |       |     1 |       ||     1
Armor: Skin              |     1 |    15 |     6 |     2 ||    24
Dodge: Dodged            |     8 |    62 |    78 |    18 ||   166
